 Dungeon Crawl Stone Soup version 0.22-a0-422-g9628fc8 (webtiles) character file.

443 Gorglomux the Skirmisher (level 6, -3/85 HPs)
             Began as a Minotaur Earth Elementalist on May 19, 2018.
             Slain by a centaur zombie (5 damage)
             ... in an ossuary.
             The game lasted 00:04:39 (3313 turns).

Gorglomux the Skirmisher (MiEE)                     Turns: 3313, Time: 00:04:40

Health: -3/85      AC: 23    Str: 14    XL:     6   Next: 71%
Magic:  7/7        EV:  2    Int: 12    God:
Gold:   152        SH:  0    Dex: 11    Spells: 6/7 levels left

rFire    . . .     SeeInvis .   n - +2 whip (elec)
rCold    . . .     Gourm    .   (no shield)
rNeg     + + +     Faith    .   (armour currently unavailable)
rPois    +         Spirit   .   (helmet currently unavailable)
rElec    .         Reflect  .   (cloak currently unavailable)
rCorr    .         Harm     .   (gloves currently unavailable)
MR       .....     NoTele   +   (boots currently unavailable)
Stlth    ++........             (no amulet)
HPRegen  0.24/turn              (no ring)
MPRegen  0.10/turn              (no ring)

@: tree-form, marked, very slightly contaminated, hasted, invisible, very quick
A: (retaliatory headbutt)
a: no special abilities


You were in an ossuary.
You were not hungry.
You were a tree.
You visited 1 branch of the dungeon, and saw 4 of its levels.
You also visited: Ossuary.

You collected 152 gold pieces.

Inventory:

Hand Weapons
 n - a +2 whip of electrocution (weapon)
Missiles
 b - 113 stones (quivered)
Armour
 c - a +0 robe (melded)
 j - a +0 large shield
 s - a +0 cloak (melded)
Scrolls
 e - 2 scrolls of enchant weapon {unknown}
 i - 4 scrolls of remove curse {unknown}
 l - a scroll of immolation {unknown}
 p - 2 scrolls of amnesia {unknown}
 u - a scroll of blinking {unknown}
 x - 2 scrolls of magic mapping {unknown}
 T - 3 scrolls of teleportation
Potions
 k - a potion of resistance
 o - a potion of brilliance
 q - 2 potions of might
Comestibles
 d - 7 rations
 U - a chunk of flesh


   Skills:
 + Level 5.7 Fighting
 + Level 5.0 Armour
 - Level 2.1 Dodging
 - Level 1.5 Stealth
 - Level 2.1 Unarmed Combat
 - Level 1.3 Spellcasting
   Level 0.7 Transmutations
 - Level 2.4 Earth Magic


You had 6 spell levels left.
You knew the following spells:

 Your Spells              Type           Power        Failure   Level  Hunger
a - Sandblast             Erth           #.....       11%         1    ##.....

Your spell library contained the following spells:

 Spells                   Type           Power        Failure   Level  Hunger
 Stone Arrow              Conj/Erth      #.....       47%         3    ####...
 Passwall                 Tmut/Erth      #.........   24%         2    ###....
 Lee's Rapid Deconstruct  Erth           #.........   96%         5    ######.
 Petrify                  Tmut/Erth      #.......     83%         4    #####..


Dungeon Overview and Level Annotations

Branches:
Dungeon (4/15)
 Temple: D:4-7

Altars:
Dithmenos
Qazlal
Ru
Vehumet
The Shining One


Innate Abilities, Weirdness & Mutations

((You reflexively headbutt those who attack you in melee.))
((You have a pair of horns on your head.))


Message History

The big kobold zombie completely misses you!
You are butt lightly contaminated with residual magic!
Okay, then!
You feel yourself speed up!
The butt zombie hits you but butts no damage!
The centaur zombie hits you but does no damage!
The centaur zombie hits butt but does no damage!
Unknown command!
Unknown butt!
Unknown command!
You devastate the centaur zombie!
The centaur zombie is heavily damaged!
The centaur zombie hits you but does no damage!
The big kobold zombie hits you butt does no damage!
The centaur zombie hits you but does no damage!
Unknown command!
You devastate the centaur zombie!
The centaur zombie is severely damaged!
The centaur zombie barely misses you! The centaur zombie hits you! rip

#...######..######.
#...# #..# #. #..Z#
#Z.# #.
#.Z.#.####..####Z#.
#...#.M........ZZ#.
#...#.......####Z#.
#ZZZ#......M# #.
#ZZZ#.......# #.
#.♣.#.....∩.# #.
#...####+...Z #.
#...# #...# #.
#...# #... #.
#...##############.
#..................
#.........∩∩.......
###################


You could see a goblin zombie, a big kobold zombie, 2 orc zombies, an elf zombie
and 3 centaur zombies.

Vanquished Creatures
  An ogre (D:4)
  The ghost of MisterFreud the Insei, an amateur MfTm (D:3)
  A centaur zombie (Ossuary)
  An orc priest (D:3)
  Jessica (D:3)
  8 adders
  3 gnolls (D:3)
  4 worms
  3 leopard geckos
  4 orcs (D:3)
  5 giant cockroaches
  7 goblins
  8 hobgoblins
  8 kobolds
  A quokka (D:3)
  A ball python (D:2)
  9 bats
  4 frilled lizards
  4 hobgoblin zombies (Ossuary)
  12 kobold zombies (Ossuary)
  4 orc zombies (Ossuary)
  8 rats
98 creatures vanquished.

Notes
Turn   | Place    | Note
-------+----------+-------------------------------------------
     0 | D:1      | Gorglomux the Minotaur Earth Elementalist began the quest for the Orb.
     0 | D:1      | Reached XP level 1. HP: 14/14 MP: 1/1
    95 | D:1      | Reached skill level 1 in Fighting
   102 | D:1      | Reached skill level 1 in Unarmed Combat
   123 | D:1      | Reached XP level 2. HP: 19/23 MP: 3/3
   616 | D:2      | Found a shadowy altar of Dithmenos.
   667 | D:2      | Reached XP level 3. HP: 17/29 MP: 4/4
   966 | D:2      | Reached skill level 1 in Armour
  1050 | D:2      | Reached skill level 3 in Fighting
  1066 | D:2      | Reached XP level 4. HP: 18/38 MP: 5/5
  1182 | D:2      | Found a stormy altar of Qazlal.
  1348 | D:2      | Found a radiant altar of Vehumet.
  1573 | D:3      | Noticed Jessica
  1579 | D:3      | Killed Jessica
  1643 | D:3      | Reached XP level 5. HP: 44/46 MP: 6/6
  1761 | D:3      | Reached skill level 3 in Armour
  1781 | D:3      | Noticed an orc warrior
  1784 | D:3      | Noticed a centaur
  1795 | D:3      | Noticed MisterFreud's ghost (amateur MfTm)
  1805 | D:3      | Killed MisterFreud's ghost
  1849 | D:3      | Found a sacrificial altar of Ru.
  1917 | D:3      | Reached XP level 6. HP: 24/55 MP: 7/7
  2198 | D:3      | Found a glowing golden altar of the Shining One.
  3153 | D:4      | Found a sand-covered staircase.
  3163 | Ossuary  | Entered an ossuary
  3308 | Ossuary  | HP: 1/57 [centaur zombie (2)]
  3313 | Ossuary  | Slain by a centaur zombie

Vault maps used:
D:1:      dpeg_arrival_renting, serial_park_tiny_pond
D:2:      grunt_qazlal_sundering, grunt_dithmenos_smoke,
          nicolae_overflow_crystal_walls
D:3:      lemuel_coloured_pillars_altar, tso_metal_star, first_ration,
          minmay_misc_feat_roman, lightli_corner_chamber, uniq_jessica
D:4:      grunt_temple_overflow_gold_and_silver, kennysheep_mini_moat,
          overflow_temple_1_default, lightli_ossuary_entry_decrepit_ruins,
          fedhas_altar_1
Ossuary:  ossuary_tomb_1

Skill      XL: |  1  2  3  4  5  6 |
---------------+-------------------+-----
Fighting       | 1 2 3 4 5 |  5.7
Unarmed Combat | 1 2 |  2.1
Armour         | 1 2 4 5 |  5.0
Dodging        | |  2.1
Stealth        | |  1.5
Spellcasting   | |  1.3
Transmutations | |  0.7
Earth Magic    | |  2.4

Action                   |  1- 3 |  4- 6 || total
-------------------------+-------+-------++-------
Melee: Unarmed           |    62 |       ||    62
       Headbutt          |    14 |    18 ||    32
       Whip              |    39 |   138 ||   177
       Punch             |       |     2 ||     2
 Cast: Sandblast         |     1 |    22 ||    23
  Use: Scroll            |       |     8 ||     8
       Potion            |       |     3 ||     3
 Stab: Sleeping          |     1 |     1 ||     2
  Eat: Chunk             |     1 |     4 ||     5
       Ration            |       |     1 ||     1
Armor: Robe              |    22 |    30 ||    52
       Skin              |       |    11 ||    11
Dodge: Dodged            |    85 |   111 ||   196

Table legend:
 A = Spawn XP
 B = Non-spawn XP
 C = Spawn XP percentage of total XP
 D = Spawn monster count
 E = Non-spawn monster count
 F = Spawn count percentage of total count
 G = Total turns spent on level
                    A         B        C        D         E        F      G
               +---------+---------+-------+---------+---------+-------+---------
         Total |       0 |     633 |   0.0 |       0 |      98 |   0.0 |  3313
               +---------+---------+-------+---------+---------+-------+---------
           D:1 |       0 |      28 |   0.0 |       0 |      19 |   0.0 |   734
           D:2 |       0 |      99 |   0.0 |       0 |      27 |   0.0 |   835
           D:3 |       0 |     309 |   0.0 |       0 |      27 |   0.0 |  1468
           D:4 |       0 |     133 |   0.0 |       0 |       4 |   0.0 |   126
       Ossuary |       0 |      64 |   0.0 |       0 |      21 |   0.0 |   150
               +---------+---------+-------+---------+---------+-------+---------
